[Event "Hoogeveen Open 2023"]
[Site "Hoogeveen, Netherlands"]
[Date "2023.10.28"]
[Round "9.1"]
[White "Lodici, Lorenzo"]
[Black "Elgersma, Onno"]
[Result "1-0"]
[TimeControl "90min/40moves + 30min + 30sec/move"]
[WhiteFideId "884189"]
[BlackFideId "1053531"]
[WhiteElo "2537"]
[BlackElo "2266"]

1. Nf3 d5 2. g3 Nf6 3. Bg2 e6 4. c4 Be7 5. d4 O-O 6. Nc3 dxc4 7. Ne5 Qd6 8. O-O Qa6 9. a4 Rd8 10.
Nb5 Ne8 11. Qc2 c6 12. Na3 Rxd4 13. Be3 Rd8 14. Naxc4 Nd7 15. Nd3 Nef6 16. b4 Nd5 17. Bd2 N7b6 18. Ncb2 e5 19. e4 Nf6 20.
Nxe5 Qe2 21. Rad1 Qh5 22. Nbd3 Ng4 23. Nxg4 Qxg4 24. Nf4 g5 25. h3 Qd7 26. Bc3 Qe8 27. Nh5 Be6 28. Nf6+ Bxf6 29.
Bxf6 Rxd1 30. Qxd1 h6 31. f4 Nd7 32. fxg5 Nxf6 33. Rxf6 Qd8 34. Qh5 Qd4+ 35. Kh2 Qe5 36. Qxh6 Rd8 37.
Rf4 Qg7 38. Qh4 Rd2 39. Rf6 Qh7 40. Rh6 Qg7 41. Qf4 Qd4 42. g6 Bc4 43. gxf7+ Bxf7 44. Qg5+ Kf8 45. Rh8+ Qxh8 46. Qxd2 Qe5 47.
h4 b6 48. Qf4 Qb2 49. Qd6+ Kg7 50. Qe7 a5 51. bxa5 bxa5 52. e5 Qa2 53. e6 Qxe6 54. Qxe6 Bxe6 55. Bxc6 1-0

[Event "Hoogeveen Open 2023"]
[Site "Hoogeveen, Netherlands"]
[Date "2023.10.28"]
[Round "9.2"]
[White "De Winter, Arthur"]
[Black "Zwirs, Nico"]
[Result "0-1"]
[TimeControl "90min/40moves + 30min + 30sec/move"]
[WhiteFideId "1069020"]
[BlackFideId "1036432"]
[WhiteElo "2397"]
[BlackElo "2451"]

1. e4 c5 2. Nf3 d6 3. d4 cxd4 4. Nxd4 Nf6 5. Nc3 a6 6. h4 e5 7. Nb3 Be7 8. Be2 Be6 9. f4 exf4 10.
Bxf4 Nc6 11. Qd2 Ne5 12. O-O-O O-O 13. Nd4 Rc8 14. Kb1 Re8 15. h5 h6 16. Rhg1 Nh7 17. Nf5 Bxf5 18. exf5 Bg5 19.
Ne4 Bxf4 20. Qxf4 d5 21. g4 Nc4 22. Ng3 Qb6 23. Bxc4 Rxc4 24. Qf3 Qe3 25. Qxd5 Rxg4 26. Qd6 Nf6 27.
a3 Ne4 28. Qd7 Nxg3 29. Rde1 Qxe1+ 30. Rxe1 Rxe1+ 31. Ka2 Nxh5 32. Qxb7 Nf6 33. Qxa6 h5 34. Qd6 Re2 35. b4 Rxc2+ 36. Kb3 Rc3+ 0-1

[Event "Hoogeveen Open 2023"]
[Site "Hoogeveen, Netherlands"]
[Date "2023.10.28"]
[Round "9.3"]
[White "Van Dael, Siem"]
[Black "Van Foreest, Machteld"]
[Result "1-0"]
[TimeControl "90min/40moves + 30min + 30sec/move"]
[WhiteFideId "1049771"]
[BlackFideId "1051563"]
[WhiteElo "2321"]
[BlackElo "2266"]

1. e4 c5 2. Nf3 e6 3. d4 cxd4 4. Nxd4 Nf6 5. Nc3 Nc6 6. Be2 Bb4 7. O-O Bxc3 8. bxc3 Nxe4 9. Nxc6 dxc6 10.
Bd3 Nc5 11. Qg4 O-O 12. Rd1 Nxd3 13. Rxd3 Qe7 14. Rg3 f5 15. Qc4 b5 16. Qxc6 Bb7 17. Qxb5 f4 18. Rg4 Rf5 19. Qa4 e5 20.
Ba3 Qf7 21. h4 Rd8 22. Rb1 h5 23. Rg5 Rxg5 24. hxg5 Bxg2 25. Kxg2 Qd5+ 26. Kg1 Qf3 27. Qc4+ Kh8 28. Qf1 Qxc3 29.
Bb2 Qc5 30. Qe2 Rb8 31. Qxh5+ Kg8 32. g6 Rb6 33. Rd1 1-0

[Event "Hoogeveen Open 2023"]
[Site "Hoogeveen, Netherlands"]
[Date "2023.10.28"]
[Round "9.4"]
[White "Ernst, Sipke"]
[Black "Schoorl, Rob"]
[Result "1-0"]
[TimeControl "90min/40moves + 30min + 30sec/move"]
[WhiteFideId "1004689"]
[BlackFideId "1009508"]
[WhiteElo "2551"]
[BlackElo "2357"]

1. d4 g6 2. e4 Bg7 3. Nf3 d6 4. Be2 c5 5. c3 Nf6 6. dxc5 dxc5 7. Qxd8+ Kxd8 8. Ng5 Ke8 9. Bc4 e6 10.
f3 Nc6 11. Be3 b6 12. Na3 h6 13. Nh3 a6 14. Be2 Nd7 15. Nc4 b5 16. Nd6+ Ke7 17. O-O-O Be5 18. Nxc8+ Raxc8 19. f4 Bb8 20.
Rd2 Nd4 21. Bd1 Nf6 22. Re1 e5 23. Bf2 Ne6 24. f5 Ng5 25. Nxg5 hxg5 26. fxg6 fxg6 27. h3 c4 28. Bf3 Nh5 29.
Bxh5 gxh5 30. Red1 Rhd8 31. Bc5+ Ke8 32. Rxd8+ Rxd8 33. Rf1 Bd6 34. Bxd6 Rxd6 35. Rf5 Rg6 36. Rxe5+ Kd7 37. g3 g4 38.
Rxh5 gxh3 39. Rxh3 Rg4 40. Kd2 Rxe4 41. Rh4 Re6 42. Rf4 Ke7 43. a4 Rh6 44. axb5 Rh2+ 45. Ke3 axb5 46. Rf2 Rh1 47.
Rf5 b4 48. cxb4 Rd1 49. Rc5 Rd3+ 50. Kf4 Rd4+ 51. Kg5 1-0

[Event "Hoogeveen Open 2023"]
[Site "Hoogeveen, Netherlands"]
[Date "2023.10.28"]
[Round "9.5"]
[White "Krishnan, Ritvik"]
[Black "Maatman, Nick"]
[Result "0-1"]
[TimeControl "90min/40moves + 30min + 30sec/move"]
[WhiteFideId "45055297"]
[BlackFideId "1040391"]
[WhiteElo "2176"]
[BlackElo "2382"]

1. Nf3 Nf6 2. c4 c6 3. g3 d5 4. Bg2 Bf5 5. Qb3 Qb6 6. d3 dxc4 7. Qxc4 h6 8. O-O e6 9. Nbd2 Be7 10.
Qc2 O-O 11. Nc4 Qa6 12. b3 Nbd7 13. Bb2 Bh7 14. Rac1 Rac8 15. Qb1 Rfd8 16. Qa1 Bf8 17. Rfd1 Nd5 18. a3 c5 19. Nfd2 b5 20.
Ne5 Nxe5 21. Bxe5 Qb6 22. Ne4 Ne7 23. b4 cxb4 24. Rxc8 Rxc8 25. Bd4 Qd8 26. axb4 Nc6 27. Bc5 Nxb4 28.
Bxf8 Qxf8 29. Qxa7 Nd5 30. Nd2 Nc3 31. Re1 Bg6 32. Bf3 b4 33. Nb3 Qd6 34. Rc1 Bf5 35. Qa1 e5 36. Qb2 Be6 37. Nd2 Qd4 38. Rc2 Rb8 39. Nb3 Qa7 40. Nd2 Nd1 41. Qxe5 Qxf2+ 42. Kh1 Re8 43. h4 Bd7 44. Qf4 Qe1+ 45. Kh2 Rxe2+ 46. Bxe2 Qxe2+ 47. Kg1 Ne3 0-1

[Event "Hoogeveen Open 2023"]
[Site "Hoogeveen, Netherlands"]
[Date "2023.10.28"]
[Round "9.6"]
[White "Paltrinieri, Nicholas"]
[Black "Labruyere, Roger"]
[Result "1-0"]
[TimeControl "90min/40moves + 30min + 30sec/move"]
[WhiteFideId "828262"]
[BlackFideId "1059505"]
[WhiteElo "2344"]
[BlackElo "2148"]

1. d4 d5 2. Bf4 Nf6 3. Nc3 c5 4. e3 a6 5. dxc5 Nc6 6. Nf3 e6 7. Na4 Bxc5 8. Nxc5 Qa5+ 9. c3 Qxc5 10.
Be2 O-O 11. O-O Re8 12. Ne5 Nxe5 13. Bxe5 Nd7 14. Bg3 Nb6 15. Qc2 Bd7 16. Rfd1 Bb5 17. Bf3 e5 18. a4 Bc6 19. a5 e4 20.
Be2 Nd7 21. Rd4 Nf8 22. b4 Qe7 23. Rd2 Rac8 24. Qb3 Qf6 25. Rc1 Ne6 26. h3 Red8 27. Bg4 Rd7 28. Be2 Qg5 29. Rcd1 Rcd8 30.
Qa2 f5 31. Be5 f4 32. exf4 Nxf4 33. Bxf4 Qxf4 34. Rd4 Rf7 35. Bc4 Rdf8 36. Rxd5 e3 37. f3 Bxd5 38. Bxd5 g6 39. Bxf7+ Rxf7 40. Qe6 Kg7 41. Re1 h5 42.
Rxe3 Kh7 43. Qe5 Qc4 44. Re4 Qd3 45. Qd4 Qb1+ 46. Kh2 Qc2 47. Re8 Rg7 48. Qd8 Rf7 49. Rh8+ Kg7 50. Qd4+ Rf6 51.
Rb8 1-0

[Event "Hoogeveen Open 2023"]
[Site "Hoogeveen, Netherlands"]
[Date "2023.10.28"]
[Round "9.7"]
[White "Slagboom, Leandro"]
[Black "Kiran, Manisha Mohanty"]
[Result "1-0"]
[TimeControl "90min/40moves + 30min + 30sec/move"]
[WhiteFideId "1065882"]
[BlackFideId "5019575"]
[WhiteElo "2305"]
[BlackElo "2034"]

1. e4 c5 2. Nf3 d6 3. d4 cxd4 4. Nxd4 Nf6 5. Nc3 Nc6 6. f3 e5 7. Nb3 Be7 8. Be3 a5 9. Bb5 O-O 10.
Qd2 Na7 11. Bxa7 Rxa7 12. a4 Be6 13. O-O-O Ra8 14. Kb1 Qc8 15. g4 Rd8 16. Qf2 Qc7 17. h4 h5 18. g5 Nh7 19. f4 exf4 20.
Qxf4 Nf8 21. Nd4 Ng6 22. Nxe6 fxe6 23. Qf3 Rac8 24. Rhf1 Rf8 25. Qxh5 Nf4 26. Qg4 d5 27. exd5 Bb4 28.
Rf3 exd5 29. Rd4 Bd6 30. Bd7 Qb6 31. Rdxf4 1-0

[Event "Hoogeveen Open 2023"]
[Site "Hoogeveen, Netherlands"]
[Date "2023.10.28"]
[Round "9.8"]
[White "Kazarjan, Gachatur"]
[Black "De Boer, Eelke"]
[Result "0-1"]
[TimeControl "90min/40moves + 30min + 30sec/move"]
[WhiteFideId "1068750"]
[BlackFideId "1048120"]
[WhiteElo "1970"]
[BlackElo "2327"]

1. e4 c5 2. Nf3 d6 3. Nc3 a6 4. d4 cxd4 5. Nxd4 Nf6 6. h4 e5 7. Nb3 Be7 8. Bg5 Be6 9. Bxf6 Bxf6 10.
g3 O-O 11. Qd3 Nc6 12. O-O-O Qb6 13. Rd2 Rfc8 14. Bh3 Nb4 15. Qf3 a5 16. Kb1 a4 17. Nc1 a3 18. b3 Qc5 19. N1e2 Ra6 20.
Nd5 Nxd5 21. Bxe6 fxe6 22. exd5 Qb4 23. c3 Qa5 24. Rc1 Qc7 25. dxe6 Qe7 26. Qe4 Qxe6 27. Rd5 Be7 28. Nd4 Qf6 29.
Nf5 Rf8 30. Nxe7+ Qxe7 31. f4 Qf6 32. Rf1 Rc6 33. Rd3 Rfc8 34. Rdf3 Rxc3 35. Rxc3 Rxc3 36. Qxb7 Qf5+ 37. Ka1 e4 38.
Qa8+ Rc8 39. Qxa3 d5 40. Qb2 e3 41. Qd4 e2 42. Re1 Re8 43. Kb2 h5 44. a4 Re4 45. Qd3 Qe6 46. a5 Kh8 47.
a6 Re3 48. Qd4 Re4 49. Qd3 Re3 50. Qb5 Qf6+ 51. Ka3 Re6 52. Qxd5 Rxa6+ 53. Kb4 Qe7+ 54. Kc3 Qe3+ 55. Kb2 Qe8 56. Qd3 Re6 57. f5 Re3 58.
Qd4 Qe7 59. Kc2 Rxg3 60. Qc4 Re3 61. Kd2 Re4 62. Qd3 Qxh4 63. Qc3 Qf4+ 64. Kc2 Qxf5 65. Qd3 Qe5 66. Qd8+ Kh7 67. Qd3 g6 68.
Qd7+ Kh6 69. Qd2+ g5 70. Qd3 h4 71. Qf3 Kg6 72. Qf8 Qd5 73. Qc8 g4 74. Qh8 h3 75. Qh4 Qf5 0-1

[Event "Hoogeveen Open 2023"]
[Site "Hoogeveen, Netherlands"]
[Date "2023.10.28"]
[Round "9.9"]
[White "Zecha, Oscar"]
[Black "Van Helvoort, Rob"]
[Result "0-1"]
[TimeControl "90min/40moves + 30min + 30sec/move"]
[WhiteFideId "1073826"]
[BlackFideId "1005596"]
[WhiteElo "1838"]
[BlackElo "2105"]

1. d4 e6 2. e4 d5 3. e5 c5 4. c3 Nc6 5. Nf3 Nge7 6. Bd3 cxd4 7. cxd4 Nf5 8. Bxf5 exf5 9. O-O Be7 10.
Nc3 g5 11. Ne1 f4 12. Nc2 Bf5 13. a3 Qd7 14. b4 O-O-O 15. b5 Na5 16. Nb4 Be6 17. Qa4 Qc7 18. Bd2 Nc4 19. Rfc1 Bxb4 20.
Qxb4 Kb8 21. Be1 Rhe8 22. a4 Qb6 23. Rd1 a5 24. Qb3 h5 25. Kh1 h4 26. Ne2 Bg4 27. f3 Be6 28. Bf2 Rh8 29.
h3 Rc8 30. Rac1 Qc7 31. Nc3 b6 32. Rc2 Qd7 33. Kg1 Rc7 34. Nb1 Rhc8 35. Rdc1 Qe7 36. Be1 Bf5 37. Re2 Be6 38. Rec2 Bf5 39.
Re2 Qe6 40. Nc3 Ne3 41. Bd2 Nc4 42.
Be1 Kb7 43. Nd1 Qe7 44. Nc3 Be6 45. Nb1 Ne3 46. Rxc7+ Qxc7 47. Bd2 Qc4 48. Qxc4 Rxc4 49. Bxe3 fxe3 50. Na3 Rxd4 51. Rxe3 Rxa4 52.
Kf2 Bf5 53. Ke1 Rd4 54. Ke2 Rb4 55. Rc3 Rb2+ 56. Kf1 Bd7 57. f4 gxf4 58. Rf3 Rb4 59. Ke2 a4 60. Nc2 Bxb5+ 61. Kd2 Re4 62.
Kc3 Bd7 63. Kb2 b5 64. Ka3 Be6 65. Rf2 Rc4 66. Kb2 b4 67. Ne1 Bf5 68. Nf3 b3 69. Nxh4 Rc2+ 70. Rxc2 Bxc2 71. Nf3 Be4 72. h4 Kc7 73. h5 Kd7 74. h6 Ke7 75. Ng5 Kf8 76.
h7 Kg7 77. Nxf7 Bxh7 78. e6 Kf6 79. Ka3 Bf5 0-1

[Event "Hoogeveen Open 2023"]
[Site "Hoogeveen, Netherlands"]
[Date "2023.10.28"]
[Round "9.10"]
[White "Van Kooten, Luuk"]
[Black "Arnold, Rhys"]
[Result "1/2-1/2"]
[TimeControl "90min/40moves + 30min + 30sec/move"]
[WhiteFideId "1006533"]
[BlackFideId "1068849"]
[WhiteElo "2255"]
[BlackElo "2087"]

1. d4 d5 2. c4 e6 3. Nc3 a6 4. e4 dxe4 5. Nxe4 Bb4+ 6. Nc3 c5 7. a3 Ba5 8. Be3 Ne7 9. Nf3 O-O 10.
Bd3 h6 11. O-O cxd4 12. Nxd4 Bxc3 13. bxc3 e5 14. Nb3 Qc7 15. Qc2 Bd7 16. f4 Ba4 17. Qb2 exf4 18. Rxf4 Nd7 19. Nd2 Ne5 20.
Be2 Rfe8 21. Raf1 N7g6 22. Bb6 Qe7 23. R4f2 Bc6 24. Bd4 Rac8 25. Qb1 Qg5 26. Nf3 Nxf3+ 27. Bxf3 Bxf3 28. Rxf3 Re2 29.
Rg3 Qe7 30. h4 h5 31. Qf5 Re8 32. Qxh5 Re1 33. Rgf3 Rxf1+ 34. Rxf1 Nxh4 35. Qg4 1/2-1/2

[Event "Hoogeveen Open 2023"]
[Site "Hoogeveen, Netherlands"]
[Date "2023.10.28"]
[Round "9.11"]
[White "Van Rootselaar, Rik"]
[Black "Swati, Ghate"]
[Result "0-1"]
[TimeControl "90min/40moves + 30min + 30sec/move"]
[WhiteFideId "1088572"]
[BlackFideId "5003474"]
[WhiteElo "2015"]
[BlackElo "1995"]

1. d4 Nf6 2. c4 e6 3. g3 d5 4. Bg2 Bb4+ 5. Nd2 O-O 6. Ngf3 dxc4 7. Qc2 b5 8. a4 c6 9. axb5 Bb7 10.
Qxc4 Qd6 11. O-O a5 12. bxa6 Bxa6 13. Qb3 Nbd7 14. Ra4 Bxd2 15. Bxd2 Bxe2 16. Rxa8 Rxa8 17. Bf4 Qf8 18. Rc1 Nd5 19. Qc2 Bb5 20. Bd2 h6 21.
h4 Qb8 22. g4 Nf4 23. Bxf4 Qxf4 24. g5 hxg5 25. hxg5 Nf8 26. Qd2 Ng6 27. Qxf4 Nxf4 28. Rd1 f6 29. Kh2 Kf7 30. Bf1 Bxf1 31.
Rxf1 Rb8 32. Rb1 Rb3 33. Kg3 Ne2+ 34. Kg2 Nf4+ 35. Kg3 Ne2+ 36. Kg2 Rd3 37. gxf6 gxf6 38. b4 Nxd4 39. Nxd4 Rxd4 40.
b5 cxb5 41. Rxb5 Kg6 42. Kf3 e5 43. Rb8 Kf5 44. Rb3 Ra4 45. Rc3 Ra2 46. Rb3 Kg5 47. Rb5 Ra3+ 48. Ke4 Kg4 49. Rb8 Ra4+ 50.
Ke3 Rc4 51. Ra8 Rc1 52. Ra4+ Kg5 53. Ra5 Re1+ 54. Kf3 f5 55. Ra8 e4+ 56. Kg2 Kg4 57. Ra4 Re2 58. Ra3 f4 59. Kf1 Rb2 60.
Ke1 Rb1+ 61. Kd2 e3+ 62. fxe3 f3 63. Ra8 f2 64. Rg8+ Kh5 0-1

[Event "Hoogeveen Open 2023"]
[Site "Hoogeveen, Netherlands"]
[Date "2023.10.28"]
[Round "9.12"]
[White "Mueer, Sebastian"]
[Black "Maris, Ivo"]
[Result "0-1"]
[TimeControl "90min/40moves + 30min + 30sec/move"]
[WhiteFideId "24622001"]
[BlackFideId "1028146"]
[WhiteElo "2230"]
[BlackElo "2404"]

1. e4 d6 2. d4 Nf6 3. Nc3 e5 4. Nf3 Nbd7 5. Rg1 c6 6. g4 g6 7. g5 Nh5 8. Be3 b5 9. a3 a6 10.
Qd2 Qc7 11. O-O-O Be7 12. Be2 Rb8 13. Ne1 a5 14. d5 b4 15. dxc6 bxc3 16. Qxc3 Nb6 17. Qxa5 O-O 18. Bb5 Be6 19.
Nd3 d5 20. Nxe5 Qxe5 21. Bxb6 dxe4 22. a4 Ra8 23. Bc7 Qf5 24. Qe1 Bxg5+ 25. Kb1 Ba2+ 26. Ka1 Bc4 0-1

[Event "Hoogeveen Open 2023"]
[Site "Hoogeveen, Netherlands"]
[Date "2023.10.28"]
[Round "9.13"]
[White "Margadgua, Erdenebayar"]
[Black "Fehr, Axel"]
[Result "1/2-1/2"]
[TimeControl "90min/40moves + 30min + 30sec/move"]
[WhiteFideId "4904052"]
[BlackFideId "4675185"]
[WhiteElo "1848"]
[BlackElo "2011"]

1. e4 c5 2. Nc3 e6 3. f4 d5 4. Nf3 Nc6 5. Bb5 Nge7 6. exd5 exd5 7. Qe2 Qd6 8. Ne5 Be6 9. O-O g6 10. Bxc6+ bxc6 11. Qa6 Bc8 12. Qe2 Bg7 13. d3 O-O 14. Qf2 Nf5 15. Na4 f6 16. Nf3 d4 17.
Nd2 Ne3 18. Ne4 Qe7 19. Bxe3 dxe3 20. Qxe3 f5 21. Qxc5 Qd7 22. Qc4+ Kh8 23. Ng5 h6 24. Nf3 Qd6 25. Rae1 Rb8 26.
c3 c5 27. Nxc5 Rxb2 28. Rf2 Qb6 29. Rxb2 Qxb2 30. d4 Qb6 31. h3 Qd6 32. Ne5 Kh7 33. Re3 g5 34. fxg5 hxg5 35. Nf3 Qf4 36.
Re7 g4 37. Nd3 Qh6 38. hxg4 fxg4 39. Nfe5 Qe3+ 40. Kh2 Qh6+ 41. Kg3 1/2-1/2

[Event "Hoogeveen Open 2023"]
[Site "Hoogeveen, Netherlands"]
[Date "2023.10.28"]
[Round "9.14"]
[White "Kett, Tim"]
[Black "Nijdam, Brian"]
[Result "1-0"]
[TimeControl "90min/40moves + 30min + 30sec/move"]
[WhiteFideId "1801210"]
[BlackFideId "1081020"]
[WhiteElo "2130"]
[BlackElo "1918"]

1. e4 c5 2. Nc3 g6 3. f4 Bg7 4. Nf3 Nc6 5. Bb5 Nd4 6. O-O Nxb5 7. Nxb5 d5 8. d3 a6 9. Nc3 e6 10.
Qe1 Ne7 11. Qh4 O-O 12. f5 exf5 13. Bh6 f6 14. e5 g5 15. Qh5 Qe8 16. Qxe8 Rxe8 17. exf6 Bxh6 18. Rae1 Kf7 19. fxe7 Be6 20.
g4 f4 21. Re5 Rxe7 22. Nxd5 Bxd5 23. Rxd5 Bg7 24. Rf5+ Bf6 25. Nxg5+ Kg6 26. Nh3 Bxb2 27. Nxf4+ Kg7 28. Kg2 Bd4 29.
h4 Rae8 30. Nh5+ Kg8 31. Nf6+ Bxf6 32. Rxf6 Kg7 33. g5 Re2+ 34. R1f2 Rxf2+ 35. Kxf2 Re5 36. Rb6 Re7 37. Kf3 Kf7 38.
h5 Ke8 39. Kf4 Kf7 40. Kf5 Rd7 41. c4 Re7 42. a4 Kg7 43. a5 Kf7 44. Rf6+ Kg7 45. Re6 Rd7 46. Ke5 Rxd3 47. Re7+ Kg8 48.
Rxb7 Rg3 49. Kf6 Rf3+ 50. Ke6 Re3+ 51. Kd6 Rg3 52. Kxc5 Rxg5+ 53. Kb6 Rxh5 54. c5 Kf8 55. c6 Ke8 56.
Rb8+ 1-0

[Event "Hoogeveen Open 2023"]
[Site "Hoogeveen, Netherlands"]
[Date "2023.10.28"]
[Round "9.15"]
[White "Duchene, Rene"]
[Black "Boeren, Jurriaan"]
[Result "0-1"]
[TimeControl "90min/40moves + 30min + 30sec/move"]
[WhiteFideId "1006304"]
[BlackFideId "1067478"]
[WhiteElo "2065"]
[BlackElo "2120"]

1. d4 d5 2. c4 e6 3. Nf3 Nf6 4. g3 dxc4 5. Bg2 c5 6. O-O Nc6 7. Ne5 Bd7 8. Na3 cxd4 9. Naxc4 Be7 10.
Qb3 Qc7 11. Bf4 Nh5 12. Nxc6 Nxf4 13. Nxe7 Nxg2 14. Kxg2 Qc5 15. Rac1 Kxe7 16. Kg1 Bc6 17. Nd2 Qd5 18. Qa3+ Ke8 19.
f3 f6 20. Rc5 Qd7 21. Rfc1 Kf7 22. Nc4 Qe7 23. Na5 Rhc8 24. Qd3 Qd6 25. R5c4 Bb5 26. Nxb7 Qb6 27. Qb3 Bxc4 0-1

[Event "Hoogeveen Open 2023"]
[Site "Hoogeveen, Netherlands"]
[Date "2023.10.28"]
[Round "9.16"]
[White "Vogel, Jaap"]
[Black "Hoffman, Ron"]
[Result "1/2-1/2"]
[TimeControl "90min/40moves + 30min + 30sec/move"]
[WhiteFideId "1000764"]
[BlackFideId "1007599"]
[WhiteElo "2106"]
[BlackElo "2032"]

1. d4 Nf6 2. Nf3 b6 3. c4 Bb7 4. Nc3 e6 5. a3 Ne4 6.
Qc2 Nxc3 7. Qxc3 Be7 8. Bf4 O-O 9. Rd1 a5 10. Qc2 d6 1/2-1/2

[Event "Hoogeveen Open 2023"]
[Site "Hoogeveen, Netherlands"]
[Date "2023.10.28"]
[Round "9.17"]
[White "Boer, Alef"]
[Black "Goudriaan, Rafael"]
[Result "1/2-1/2"]
[TimeControl "90min/40moves + 30min + 30sec/move"]
[WhiteFideId "1007122"]
[BlackFideId "1063162"]
[WhiteElo "2058"]
[BlackElo "2153"]

1. e4 c5 2. c3 d5 3. exd5 Qxd5 4. Na3 Nc6 5. Nf3 Bg4 6. Be2 e5 7. d3 f6 8. Nc4 Be6 9. O-O Nge7 10.
a3 Qd7 11. Re1 Nf5 12. Bf1 Rd8 13. Qc2 Be7 14. Bd2 O-O 15. Rad1 b5 16. Ne3 a5 17. a4 b4 18. Nc4 Rb8 19.
Bc1 Rfd8 20. Nfd2 Nd6 21. Nxd6 b3 22. Qb1 Bxd6 23. Nc4 Bf8 24. Be3 Qf7 25. Na3 Na7 26. Qa1 Qd7 27. d4 Qxa4 28.
d5 Bg4 29. f3 Bh5 30. c4 Bd6 31. Bd3 Rb4 32. Qb1 h6 33. Qc1 Qe8 34. Bd2 Ra4 35. Bc3 Rb8 36. Qd2 Qd8 37. Ra1 Be8 38.
Qe3 Qc7 39. Qe4 g6 40. g4 Qg7 41. Kh1 g5 42. Kg2 Nc8 43. Qe3 Ne7 44. Qd2 h5 45. h3 Bg6 46. Nb5 Rxa1 47. Rxa1 Rxb5 48.
cxb5 Bxd3 49. Qxd3 Ng6 50. Bd2 Nh4+ 51. Kf1 hxg4 52. hxg4 f5 53. Rxa5 e4 54. Ra8+ Bf8 55. fxe4 fxg4 56.
Qe3 Qf6+ 57. Ke2 Nf3 58. Bc3 Qh6 59. Qxc5 Qh2+ 60. Kd3 Qc2+ 61. Ke3 Qc1+ 62. Ke2 Qc2+ 63. Ke3 Qc1+ 1/2-1/2